SKY
CLEVELAND INDIANS @ MILWAUKEE BREWERS
10/07/2051
 
TOP OF THE 1ST
Cleveland Indians batting - Pitching for Milwaukee Brewers : RHP Colton Tucker
Pitching: RHP Colton Tucker
Batting: RHB Uriel Roberts 0-0: Ball
1-0: Foul Ball, location: 2F
1-1: Fly out, F8 (Flyball, 8LD, EV 108.8 MPH)
Batting: LHB Jonathan DeMarino 0-0: Called Strike
0-1: SINGLE (Line Drive, 6MD, EV 99.4 MPH)
Batting: LHB Harrison Waite 0-0: Fly out, F7 (Flyball, 7S, EV 91.3 MPH)
Batting: LHB Anibal Gaines 0-0: Foul Ball, location: 2F
0-1: Fly out, F7 (Flyball, 78M, EV 95.6 MPH)
Top of the 1st over - 0 runs, 1 hit, 0 errors, 1 left on base; Cleveland 0 - Milwaukee 0
BOTTOM OF THE 1ST
Milwaukee Brewers batting - Pitching for Cleveland Indians : LHP Nick Garcia
Pitching: LHP Nick Garcia
Batting: SHB Huey Ortega 0-0: Called Strike
0-1: Foul Ball, location: 25FF
0-2: Ball
1-2: Strikes out swinging
Batting: LHB Joshua Ragsdale 0-0: Fly out, F2 (Popup, 2L, EV 95.0 MPH)
Batting: RHB Clemente Simpson 0-0: Called Strike
0-1: Ball
1-1: Called Strike
1-2: Ground out 2-3 (Groundball, 2R, EV 72.5 MPH)
Bottom of the 1st over - 0 runs, 0 hits, 0 errors, 0 left on base; Cleveland 0 - Milwaukee 0
TOP OF THE 2ND
Cleveland Indians batting - Pitching for Milwaukee Brewers : RHP Colton Tucker
Batting: LHB Reuben Brellana 0-0: SINGLE (Line Drive, 7LS, EV 103.8 MPH)
Batting: RHB Antony Olguin 0-0: Foul Ball, location: 2F
0-1: Swinging Strike
0-2: Fly out, F8 (Flyball, 89M, EV 78.1 MPH)
Batting: RHB Cowboy Beyer 0-0: Ball
Passed Ball!
Reuben Brellana to second
1-0: Foul Ball, location: 9LMF
1-1: Called Strike
1-2: Strikes out swinging
Batting: RHB Cory Martínez 0-0: Called Strike
0-1: Swinging Strike
0-2: Foul Ball, location: 2F
0-2: Strikes out looking
Top of the 2nd over - 0 runs, 1 hit, 0 errors, 1 left on base; Cleveland 0 - Milwaukee 0
BOTTOM OF THE 2ND
Milwaukee Brewers batting - Pitching for Cleveland Indians : LHP Nick Garcia
Batting: RHB Nick Hodge 0-0: DOUBLE (Flyball, 8LXD, EV 103.1 MPH)
Batting: RHB Christopher Cazares 0-0: Ball
1-0: Ball
2-0: SINGLE (Line Drive, 7S, EV 93.1 MPH)
Nick Hodge to third
Batting: RHB Lucas Asher 0-0: Ball
1-0: Swinging Strike
1-1: Ball
2-1: Foul Ball, location: 9LDF
2-2: Fly out, F7 (Flyball, 7D, EV 86.9 MPH)
Runner from 3rd tags up, SCORES, no throw by LF
Batting: LHB Samuel Vay 0-0: Foul Ball, location: 7LMF
0-1: Ball
1-1: DOUBLE (Line Drive, 89M, EV 108.1 MPH)
Christopher Cazares to third
Runner from 3rd tries for Home, SAFE, throw by CF to home
Batting: RHB Dan Martinez 0-0: Ball
1-0: Foul Ball, location: 9LDF
1-1: DOUBLE (Flyball, 8RXD, EV 96.9 MPH)
Samuel Vay scores
Batting: RHB Ricky Moran 0-0: Called Strike
0-1: Ball
1-1: Foul Ball, location: 7LMFF
1-2: Foul Ball, location: 9LDF
1-2: Ball
2-2: Strikes out swinging
Batting: SHB Huey Ortega 0-0: Called Strike
0-1: Ground out U3 (Groundball, 34, EV 89.4 MPH)
Bottom of the 2nd over - 3 runs, 4 hits, 0 errors, 1 left on base; Cleveland 0 - Milwaukee 3
TOP OF THE 3RD
Cleveland Indians batting - Pitching for Milwaukee Brewers : RHP Colton Tucker
Batting: LHB Paquito Peña 0-0: Called Strike
0-1: Ball
1-1: Foul Ball, location: 2F
1-2: Fly out, F8 (Flyball, 8LXD, EV 100.6 MPH)
Batting: RHB Uriel Roberts 0-0: Ball
1-0: Foul Ball, location: 9LMF
1-1: Fly out, F9 (Flyball, 9, EV 90.0 MPH)
Batting: LHB Jonathan DeMarino 0-0: Foul Ball, location: 2F
0-1: Ball
1-1: Swinging Strike
1-2: Ball
2-2: Foul Ball, location: 25F
2-2: Strikes out swinging
Top of the 3rd over - 0 runs, 0 hits, 0 errors, 0 left on base; Cleveland 0 - Milwaukee 3
BOTTOM OF THE 3RD
Milwaukee Brewers batting - Pitching for Cleveland Indians : LHP Nick Garcia
Batting: LHB Joshua Ragsdale 0-0: Ball
1-0: Foul Ball, location: 9LMF
1-1: Ball
2-1: Ball
3-1: Ground out 2-3 (Groundball, 13S, EV 73.8 MPH)
Batting: RHB Clemente Simpson 0-0: Ball
1-0: Fly out, F8 (Flyball, 8LM, EV 90.6 MPH)
Batting: RHB Nick Hodge 0-0: Ball
1-0: Called Strike
1-1: Fly out, F8 (Flyball, 8LD, EV 93.1 MPH)
Bottom of the 3rd over - 0 runs, 0 hits, 0 errors, 0 left on base; Cleveland 0 - Milwaukee 3
TOP OF THE 4TH
Cleveland Indians batting - Pitching for Milwaukee Brewers : RHP Colton Tucker
Batting: LHB Harrison Waite 0-0: Ball
1-0: Foul Ball, location: 3F
1-1: Called Strike
1-2: Foul Ball, location: 2F
1-2: Ball
2-2: Ball
3-2: Foul Ball, location: 2F
3-2: Base on Balls
Batting: LHB Anibal Gaines 0-0: Ball
1-0: Foul Ball, location: 25F
1-1: Swinging Strike
1-2: Ball
2-2: Ball
3-2: Foul Ball, location: 2F
3-2: Fielders Choice at 2nd, 3-6 (Groundball, 3, EV 81.3 MPH)
Batting: LHB Reuben Brellana 0-0: Called Strike
0-1: Ball
1-1: Foul Ball, location: 2F
1-2: Ball
2-2: Ball
3-2: Foul Ball, location: 2F
3-2: Base on Balls
Anibal Gaines to second
Batting: RHB Antony Olguin 0-0: Swinging Strike
0-1: Called Strike
0-2: Strikes out swinging
Batting: RHB Cowboy Beyer 0-0: SINGLE (Line Drive, 89S, EV 95.0 MPH)
Anibal Gaines to third
Reuben Brellana to second
Runner from 3rd tries for Home, SAFE, throw by CF to home
Batting: RHB Cory Martínez 0-0: Ball
1-0: Called Strike
1-1: Swinging Strike
1-2: Ball
2-2: Foul Ball, location: 25F
2-2: Strikes out swinging
Top of the 4th over - 1 run, 1 hit, 0 errors, 2 left on base; Cleveland 1 - Milwaukee 3
BOTTOM OF THE 4TH
Milwaukee Brewers batting - Pitching for Cleveland Indians : LHP Nick Garcia
Batting: RHB Christopher Cazares 0-0: Called Strike
0-1: Swinging Strike
0-2: Fly out, F9 (Flyball, 9, EV 86.9 MPH)
Batting: RHB Lucas Asher 0-0: Ball
1-0: Ball
2-0: Swinging Strike
2-1: Ground out 6-3 (Groundball, 6M, EV 88.1 MPH)
Batting: LHB Samuel Vay 0-0: Foul Ball, location: 2F
0-1: Ball
1-1: Called Strike
1-2: Ball
2-2: Strikes out swinging
Bottom of the 4th over - 0 runs, 0 hits, 0 errors, 0 left on base; Cleveland 1 - Milwaukee 3
TOP OF THE 5TH
Cleveland Indians batting - Pitching for Milwaukee Brewers : RHP Colton Tucker
Batting: LHB Paquito Peña 0-0: Swinging Strike
0-1: Foul Ball, location: 2F
0-2: Fly out, F8 (Line Drive, 8LM, EV 91.3 MPH)
Batting: RHB Uriel Roberts 0-0: SINGLE (Line Drive, 4D, EV 95.6 MPH)
Batting: LHB Jonathan DeMarino 0-0: Ball
1-0: Foul Ball, location: 23F
1-1: Ball
2-1: Foul Ball, location: 2F
2-2: Ball
3-2: Base on Balls
Uriel Roberts to second
Batting: LHB Harrison Waite 0-0: SINGLE (Flyball, 34D, EV 90.0 MPH)
Uriel Roberts to third
Jonathan DeMarino to second
Batting: LHB Anibal Gaines 0-0: Called Strike
0-1: Called Strike
0-2: Foul Ball, location: 9LSF
0-2: Ball
1-2: Ball
2-2: Ball
3-2: Fly out, F8 (Flyball, 89S, EV 85.6 MPH)
Runner from 3rd tags up, SCORES, throw by CF
Jonathan DeMarino to third
Batting: LHB Reuben Brellana 0-0: Ball
1-0: Fly out, F7 (Flyball, 7, EV 97.5 MPH)
Top of the 5th over - 1 run, 2 hits, 0 errors, 2 left on base; Cleveland 2 - Milwaukee 3
BOTTOM OF THE 5TH
Milwaukee Brewers batting - Pitching for Cleveland Indians : LHP Nick Garcia
Batting: RHB Dan Martinez 0-0: Called Strike
0-1: Foul Ball, location: 7LMFF
0-2: Strikes out swinging
Batting: RHB Ricky Moran 0-0: Foul Ball, location: 7LMF
0-1: Foul Ball, location: 5FF
0-2: Ball
1-2: Ground out 5-3 (Groundball, 5, EV 106.9 MPH)
Batting: SHB Huey Ortega 0-0: SINGLE (Groundball, 56D, EV 108.8 MPH)
Batting: LHB Joshua Ragsdale 0-0: Ball
1-0: Foul Ball, location: 3F
1-1: Ball
2-1: Called Strike
2-2: SINGLE (Popup, 6MD, EV 44.4 MPH)
Huey Ortega to second
Batting: RHB Clemente Simpson 0-0: Ball
1-0: Called Strike
1-1: Called Strike
1-2: Foul Ball, location: 2F
1-2: SINGLE (Line Drive, 7S, EV 102.5 MPH)
Huey Ortega to third
Joshua Ragsdale to second
Runner from 3rd tries for Home, SAFE, throw by LF to home
Batting: RHB Nick Hodge 0-0: Ball
1-0: Called Strike
1-1: Foul Ball, location: 2F
1-2: Ball
2-2: Foul Ball, location: 2F
2-2: Fielders Choice at 2nd, 5-4 (Groundball, 56, EV 83.8 MPH)
Bottom of the 5th over - 1 run, 3 hits, 0 errors, 2 left on base; Cleveland 2 - Milwaukee 4
TOP OF THE 6TH
Cleveland Indians batting - Pitching for Milwaukee Brewers : RHP Colton Tucker
Pitching: RHP Cooper Reilly
Batting: RHB Antony Olguin 0-0: Foul Ball, location: 2F
0-1: Ball
1-1: SINGLE (Line Drive, 8RS, EV 104.4 MPH)
Batting: RHB Cowboy Beyer 0-0: Grounds into double play, 1-6-3 (Groundball, 23, EV 69.4 MPH)
Batting: RHB Cory Martínez 0-0: Called Strike
0-1: Swinging Strike
0-2: Strikes out swinging
Top of the 6th over - 0 runs, 1 hit, 0 errors, 0 left on base; Cleveland 2 - Milwaukee 4
BOTTOM OF THE 6TH
Milwaukee Brewers batting - Pitching for Cleveland Indians : LHP Nick Garcia
Batting: RHB Christopher Cazares 0-0: Fly out, F3 (Popup, 3, EV 68.8 MPH)
Batting: RHB Lucas Asher 0-0: Swinging Strike
0-1: Foul Ball, location: 2F
0-2: SINGLE (Groundball, 6S, EV 70.0 MPH) (infield hit)
Batting: LHB Samuel Vay 0-0: Called Strike
0-1: Ball
1-1: Fly out, F1 (Line Drive, P, EV 68.8 MPH)
Batting: RHB Dan Martinez 0-0: Foul Ball, location: 5F
0-1: Foul Ball, location: 2F
0-2: Strikes out swinging
Bottom of the 6th over - 0 runs, 1 hit, 0 errors, 1 left on base; Cleveland 2 - Milwaukee 4
TOP OF THE 7TH
Cleveland Indians batting - Pitching for Milwaukee Brewers : RHP Cooper Reilly
Batting: LHB Paquito Peña 0-0: Called Strike
0-1: SINGLE (Groundball, 34D, EV 94.4 MPH)
Batting: RHB Uriel Roberts 0-0: Sac Bunt to 15S - play at first, batter OUT! 1-3
Paquito Peña to second
Pitching: LHP Chris Baranov
Batting: LHB Jonathan DeMarino 0-0: Called Strike
0-1: Foul Ball, location: 25F
0-2: Ball
1-2: Ball
2-2: SINGLE (Groundball, 34D, EV 97.5 MPH)
Paquito Peña to third
Batting: LHB Harrison Waite Balk!
Paquito Peña scores
Jonathan DeMarino to second
0-0: Foul Ball, location: 2F
0-1: Swinging Strike
0-2: Strikes out swinging
Batting: LHB Anibal Gaines 0-0: Ball
1-0: Swinging Strike
1-1: Fly out, F5 (Popup, 5SF, EV 88.1 MPH)
Top of the 7th over - 1 run, 2 hits, 0 errors, 1 left on base; Cleveland 3 - Milwaukee 4
BOTTOM OF THE 7TH
Milwaukee Brewers batting - Pitching for Cleveland Indians : LHP Nick Garcia
Batting: RHB Ricky Moran 0-0: Called Strike
0-1: Foul Ball, location: 2F
0-2: Fly out, F4 (Popup, 4M, EV 56.9 MPH)
Pitching: RHP Rafael Antonello
Batting: SHB Huey Ortega 0-0: Ball
1-0: Foul Ball, location: 2F
1-1: Swinging Strike
1-2: Ball
2-2: Strikes out swinging
Batting: LHB Joshua Ragsdale 0-0: Called Strike
0-1: Ball
1-1: Ball
2-1: SINGLE (Flyball, 56D, EV 90.0 MPH)
Batting: RHB Clemente Simpson 0-0: Called Strike
0-1: Fielders Choice at 2nd, 5-4 (Groundball, 5, EV 100.6 MPH)
Bottom of the 7th over - 0 runs, 1 hit, 0 errors, 1 left on base; Cleveland 3 - Milwaukee 4
TOP OF THE 8TH
Cleveland Indians batting - Pitching for Milwaukee Brewers : LHP Chris Baranov
Pinch Hitting: RHB Franklin Bailey 0-0: Ground out 5-3 (Groundball, 56, EV 95.0 MPH)
Batting: RHB Antony Olguin 0-0: Called Strike
0-1: Ball
1-1: Fly out, F9 (Flyball, 9LS, EV 86.9 MPH)
Batting: RHB Cowboy Beyer 0-0: Ball
1-0: Ball
2-0: Ground out 6-3 (Groundball, 56, EV 107.5 MPH)
Top of the 8th over - 0 runs, 0 hits, 0 errors, 0 left on base; Cleveland 3 - Milwaukee 4
BOTTOM OF THE 8TH
Milwaukee Brewers batting - Pitching for Cleveland Indians : RHP Rafael Antonello
Now at 3B: Franklin Bailey
Batting: RHB Nick Hodge 0-0: Called Strike
0-1: Swinging Strike
0-2: Ball
1-2: Ball
2-2: Strikes out swinging
Batting: RHB Christopher Cazares 0-0: Called Strike
0-1: Ball
1-1: SINGLE (Groundball, 34D, EV 106.3 MPH)
Batting: RHB Lucas Asher 0-0: Ball
1-0: Foul Ball, location: 9LDF
1-1: Ball
2-1: Fielders Choice at 2nd, 1-4 (Groundball, 15S, EV 70.0 MPH)
Batting: LHB Samuel Vay 0-0: Called Strike
0-1: Called Strike
0-2: Ground out 6-3 (Groundball, 56, EV 105.6 MPH)
Bottom of the 8th over - 0 runs, 1 hit, 0 errors, 1 left on base; Cleveland 3 - Milwaukee 4
TOP OF THE 9TH
Cleveland Indians batting - Pitching for Milwaukee Brewers : LHP Chris Baranov
Pitching: LHP Nat Southerland
Now at 1B: Catón Abreu
Batting: RHB Cory Martínez 0-0: Ball
1-0: Foul Ball, location: 2F
1-1: Foul Ball, location: 2F
1-2: Foul Ball, location: 5FF
1-2: Ball
2-2: Ball
3-2: SINGLE (Groundball, 4, EV 110.6 MPH)
Batting: LHB Paquito Peña 0-0: Called Strike
0-1: Ball
1-1: Foul Ball, location: 7LSF
1-2: SINGLE (Groundball, 6M, EV 105.0 MPH) (infield hit)
Cory Martínez to second
Batting: RHB Uriel Roberts 0-0: Sac Bunt to 15 - play at first, batter safe!
Cory Martínez to third
Paquito Peña to second
Batting: LHB Jonathan DeMarino 0-0: Ball
1-0: SINGLE (Groundball, 34, EV 83.8 MPH)
Cory Martínez scores
Paquito Peña to third
Uriel Roberts to second
Batting: LHB Harrison Waite 0-0: Ball
1-0: Swinging Strike
1-1: Foul Ball, location: 2F
1-2: Strikes out swinging
Batting: LHB Anibal Gaines 0-0: Called Strike
0-1: Called Strike
0-2: Strikes out swinging
Batting: RHB Franklin Bailey 0-0: Called Strike
0-1: Called Strike
0-2: Ball
1-2: Ball
2-2: Foul Ball, location: 25F
2-2: Fielders Choice at 3rd, U5 (Groundball, 5L, EV 98.1 MPH)
Top of the 9th over - 1 run, 4 hits, 0 errors, 2 left on base; Cleveland 4 - Milwaukee 4
BOTTOM OF THE 9TH
Milwaukee Brewers batting - Pitching for Cleveland Indians : RHP Rafael Antonello
Pinch Hitting: SHB Darling Conkle 0-0: Ball
1-0: Called Strike
1-1: Hit by Pitch
Pinch Runner at 1st Tom Newton:
Batting: RHB Ricky Moran 0-0: Bunted foul
0-1: Sac Bunt to 15 - play at first, batter OUT! 1-3
Tom Newton to second
Batting: SHB Huey Ortega 0-0: Called Strike
0-1: Called Strike
0-2: Foul Ball, location: 25FF
0-2: Foul Ball, location: 3F
0-2: Ball
1-2: 2-RUN HOME RUN (Flyball, 9D, EV 97.5 MPH), Distance : 398 ft
Bottom of the 9th over - 2 runs, 1 hit, 0 errors, 0 left on base; Cleveland 4 - Milwaukee 6
Monday, April 1st , 2024 - OOTP Baseball 24.11 Build 85